 Dungeon Crawl Stone Soup version 0.20-a0-647-gf178af5 (webtiles) character file.

2296 presbutan the Slasher (level 9, -1/69 HPs)
             Began as a Demonspawn Fighter on Feb 16, 2017.
             Was an Initiate of Qazlal.
             Slain by an ogre
             ... wielding a +0 giant club
              (14 damage)
             ... on level 7 of the Dungeon.
             The game lasted 00:24:20 (8409 turns).

presbutan the Slasher (Demonspawn Fighter)          Turns: 8409, Time: 00:24:20

Health: -1/69      AC: 18    Str: 19    XL:     9   Next: 17%
Magic:  0/9        EV: 10    Int: 11    God:    Qazlal [......]
Gold:   272        SH: 10    Dex: 17    Spells: 8/8 levels left

rFire    . . .     SeeInvis .   h - +1 short sword (flame)
rCold    + + .     Gourm    .   v - +3 chain mail
rNeg     . . .     Faith    .   c - +0 shield
rPois    .         Spirit   +   (no helmet)
rElec    .         Reflect  .   (no cloak)
rCorr    .         Harm     .   C - +2 pair of gloves
MR       +....     Rnd*Rage +   (no boots)
Stlth    ..........             j - amulet of guardian spirit
Regen    0.3/turn               (no ring)
MPRegen  0.2/turn               (no ring)

@: agile
A: iridescent scales 1, berserk 1, blurry vision 1, cold resistance 2, magic
resistance 1, powered by death 3, powered by pain 1
a: Renounce Religion


You were on level 7 of the Dungeon.
You worshipped Qazlal.
Qazlal was noncommittal.
You were not hungry.

You visited 2 branches of the dungeon, and saw 9 of its levels.

You collected 272 gold pieces.

Inventory:

Hand Weapons
 a - a +0 long sword
 b - a +0 hunting sling of freezing
 h - a +1 short sword of flaming (weapon)
 B - a +0 shortbow
Missiles
 l - 64 bolts
 n - 95 arrows
 x - 43 sling bullets
 z - 28 stones (quivered)
Armour
 c - a +0 shield (worn)
 k - a +0 plate armour
 o - a +0 scale mail
 v - a +3 chain mail (worn)
 C - a +2 pair of gloves (worn)
Jewellery
 j - an amulet of guardian spirit (around neck)
 y - an uncursed ring of ice
Wands
 u - a wand of confusion (13/48)
Scrolls
 e - 6 scrolls of identify {unknown}
 i - 3 scrolls of remove curse
 m - 3 scrolls of amnesia {unknown}
 p - a scroll of immolation {unknown}
 r - 2 scrolls of teleportation
 s - 4 scrolls of fear {unknown}
 w - a scroll of recharging {unknown}
Potions
 d - a potion of might
 q - a potion of curing
Comestibles
 f - 4 bread rations
 g - 4 royal jellies
 t - 7 fruits
 A - 4 meat rations


   Skills:
 + Level 6.2 Fighting
 * Level 7.2 Long Blades
 + Level 5.5 Armour
 + Level 6.0 Shields


You had 8 spell levels left.
You didn't know any spells.

Dungeon Overview and Level Annotations

Branches:
Dungeon (8/15)             Temple (1/1) D:6            Lair (0/6) D:8

Altars:
Ashenzari
Cheibriados
Dithmenos
Elyvilon
Fedhas
Gozag
Hepliaklqana
Kikubaaqudgha
Makhleb
Nemelex Xobeh
Okawaru
Qazlal
Ru
Sif Muna
Trog
Uskayaw
Vehumet
Xom
Yredelemnul
Zin
The Shining One

Annotations:
D:8 Maurice


Innate Abilities, Weirdness & Mutations

You are partially covered in iridescent scales. (AC +2)
You regenerate a lot of health from kills.
You sometimes gain a little power by taking damage.
You tend to lose your temper in combat.
Scrolls take you a little longer to read.
Your flesh is very cold resistant. (rC++)
You are resistant to hostile enchantments. (MR+)


Message History

The two-headed ogre is lightly wounded.
You block the two-headed ogre's attack.
The two-headed ogre hits you with a giant club!
* * * LOW HITPOINT WARNING * * *
You hit the two-headed ogre. You burn the two-headed ogre.
The two-headed ogre is lightly wounded.
You block the ogre's attack. You block the two-headed ogre's attack.
The two-headed ogre hits you with a giant club.
You hit the two-headed ogre. You burn the two-headed ogre.
The two-headed ogre is moderately wounded.
The ogre barely misses you.
You hit the two-headed ogre. You burn the two-headed ogre.
The two-headed ogre is moderately wounded.
You block the two-headed ogre's attack. The two-headed ogre barely misses you.
The ogre hits you with a giant club!
* * * LOW HITPOINT WARNING * * *
Found a potion of degeneration.
Found a stone staircase leading down.
The ogre hits you with a giant club!!
You die...

#.......#### .## .....## #
..## .....# ...######....#
##............
#.........>... #
##.............# #..
##.......#......#####...
.......@..#......#....
........O..#!........
##........O..##......#
#.............##.....##
##.............##......##
#.......................###
#........................#
##.........................
#............#.....###.....


You could see a two-headed ogre and an ogre.

Vanquished Creatures
  The ghost of MoronicCinamun the Vexing, an amateur OgAM (D:3)
  Grinder (D:6)
  A black bear (D:6)
  An ice beast (D:6)
  A phantom (D:6)
  2 sky beasts
  3 ogres
  A centaur (D:6)
  A bullfrog (D:6)
  2 scorpions
  A howler monkey (D:3)
  A crimson imp (D:6)
  3 hounds
  A bullfrog skeleton (D:8)
  5 orc priests
  An iguana (D:5)
  4 orc wizards
  3 worker ants
  A hound skeleton (D:7)
  2 worker ant zombies (D:5)
  12 adders
  8 gnolls (D:3)
  3 shadow imps
  2 worms
  3 dart slugs
  25 orcs
  5 ball pythons
  10 giant cockroaches
  9 goblins
  6 hobgoblins
  8 jackals
  2 quokkas
  11 bats
  3 frilled lizards
  10 kobolds
  A quokka skeleton (D:6)
  8 rats
162 creatures vanquished.

Notes
Turn   | Place    | Note
-------+----------+-------------------------------------------
     0 | D:1      | presbutan the Demonspawn Fighter began the quest for the Orb.
     0 | D:1      | Reached XP level 1. HP: 18/18 MP: 1/1
   130 | D:1      | Gained mutation: You regenerate a little health from kills. [demonic ancestry]
   130 | D:1      | Reached XP level 2. HP: 19/24 MP: 2/2
   137 | D:1      | Reached skill level 2 in Long Blades
   494 | D:1      | Gained mutation: You regenerate health from kills. [demonic ancestry]
   494 | D:1      | Reached XP level 3. HP: 29/29 MP: 3/3
  1286 | D:2      | Gained mutation: You sometimes gain a little power by taking damage. [demonic ancestry]
  1286 | D:2      | Reached XP level 4. HP: 35/35 MP: 4/4
  1904 | D:3      | Noticed MoronicCinamun's ghost (amateur OgAM)
  1906 | D:3      | Reached skill level 3 in Long Blades
  1915 | D:3      | Reached XP level 5. HP: 42/42 MP: 5/5
  1925 | D:3      | HP: 2/42 [orc wizard/puff of flame (5)]
  2405 | D:3      | Killed MoronicCinamun's ghost
  2405 | D:3      | Reached skill level 4 in Long Blades
  2405 | D:3      | Reached XP level 6. HP: 29/49 MP: 3/6
  2733 | D:3      | Reached XP level 7. HP: 37/55 MP: 5/7
  3818 | D:4      | Reached skill level 5 in Long Blades
  4544 | D:5      | Entered Level 5 of the Dungeon
  4782 | D:5      | Reached skill level 5 in Fighting
  4840 | D:5      | Reached skill level 5 in Shields
  4840 | D:5      | Gained mutation: You regenerate a lot of health from kills. [demonic ancestry]
  4840 | D:5      | Reached XP level 8. HP: 45/62 MP: 5/8
  5654 | D:6      | Reached skill level 6 in Long Blades
  5956 | D:6      | Reached skill level 5 in Armour
  5962 | D:6      | Found a bloodstained altar of Trog.
  5986 | D:6      | Noticed Grinder
  6040 | D:5      | Gained mutation: You are dopey. (Int -2) [mutagenic meat]
  6178 | D:6      | Found a staircase to the Ecumenical Temple.
  6187 | Temple   | Entered the Ecumenical Temple
  6367 | Temple   | Became a worshipper of Qazlal Stormbringer
  6485 | D:6      | Paralysed by Grinder for 7 turns
  6497 | D:6      | Killed Grinder
  7083 | D:7      | Gained mutation: You are partially covered in iridescent scales. (AC +2) [demonic ancestry]
  7083 | D:7      | Reached XP level 9. HP: 64/69 MP: 9/9
  7174 | D:7      | Noticed a two-headed ogre
  7905 | D:7      | Reached skill level 7 in Long Blades
  8052 | D:7      | Gained mutation: Your flesh is cold resistant. (rC+) [mutagenic meat]
  8053 | D:7      | Gained mutation: You tend to lose your temper in combat. [mutagenic meat]
  8054 | D:7      | Gained mutation: Scrolls take you a little longer to read. [mutagenic meat]
  8055 | D:7      | Gained mutation: Your flesh is very cold resistant. (rC++) [mutagenic meat]
  8056 | D:7      | Lost mutation: You are dopey. (Int -2) [mutagenic meat]
  8057 | D:7      | Gained mutation: You are resistant to hostile enchantments. (MR+) [mutagenic meat]
  8368 | D:8      | Found a staircase to the Lair.
  8372 | D:8      | Noticed Maurice
  8409 | D:7      | Slain by an ogre

Vault maps used:
D:1:      scummos_arrival_simple_crosswalls
D:2:      serial_forest, infiniplex_forest_straight_3,
          infiniplex_forest_lined_room_2, infiniplex_forest_clump_double,
          infiniplex_forest_clump_medium, infiniplex_forest_end_double,
          infiniplex_forest_straight_1, infiniplex_forest_straight_2
D:3:      serial_glass, glass_columns_b, glass_columns_a
D:4:      first_bread, hangedman_decor_slide_cut
D:6:      temple_fountains, basic_altar, uniq_grinder
D:7:      basic_altar
D:8:      lair_entry_dummy, uniq_gastronok, uniq_maurice, uniq_grum
Temple:   kilobyte_greek_temple

Skill      XL: |  1  2  3  4  5  6  7  8  9 |
---------------+----------------------------+-----
Shields        | 3 4 5 6 |  6.0
Long Blades    | 2 3 4 5 6 7 |  7.2
Armour         | 3 4 5 |  5.5
Fighting       | 4 5 6 |  6.2

Action                   |  1- 3 |  4- 6 |  7- 9 || total
-------------------------+-------+-------+-------++-------
Melee: Long sword        |   139 |   130 |       ||   269
       Short sword       |       |    26 |   565 ||   591
Evoke: Wand              |       |       |     5 ||     5
  Use: Potion            |     1 |     2 |     6 ||     9
       Scroll            |       |     2 |       ||     2
 Stab: Distracted        |       |       |     1 ||     1
       Confused          |       |       |     1 ||     1
  Eat: Chunk             |     2 |     4 |    26 ||    32
Armor: Scale mail        |    95 |    61 |       ||   156
       Plate armour      |       |    30 |    91 ||   121
       Chain mail        |       |       |   194 ||   194
Dodge: Dodged            |    50 |    35 |    97 ||   182
Block: Shield            |    82 |    70 |   260 ||   412
       Rpst.: Long sword |    17 |    10 |       ||    27
